 Dungeon Sprint DCSS version 0.31-a0-1-g4198be8af4 (webtiles) character file.

Game seed: 17208405361574406183

2734 sircluck the Brawler (level 9, -5/90 HPs)
             Began as a Troll Berserker on May 2, 2023.
             Was an Elder of Trog.
             Slain by a salamander mystic
             ... wielding a +0 quarterstaff
              (18 damage)
             ... in the Dungeon (Sprint VII: "The Pits").
             The game lasted 00:03:14 (648 turns).

sircluck the Brawler (Troll Berserker)               Turns: 648, Time: 00:03:14

Health: -5/90      AC:  4    Str: 31    XL:     9   Next: 40%
Magic:  8/8        EV: 12    Int:  3    God:    Trog [****..]
Gold:   0          SH:  8    Dex: 12    Spells: 8/8 levels left

rFire   . .          .
                       - Unarmed
rCold   . . .        k - +0 kite shield
rNeg    . . .        a - +0 animal skin
rPois   .            (helmet restricted)
rElec   .            (no cloak)
rCorr   .            (gloves unavailable)
SInv    .            (boots unavailable)
Will    .....        (no amulet)
Stlth   +            g - +3 ring of dexterity
HPRegen 1.15/turn    (no ring)
MPRegen 0.11/turn

%: no teleportation
@: lethally poisoned (-5 -> -5), on berserk cooldown, slowed, very slow
A: large, unfitting armour, claws 3, regeneration 1, shaggy fur 1, tough skin 1,
frail 1
a: Renounce Religion, Berserk, Trog's Hand, Brothers in Arms


You were in the Dungeon.
You worshipped Trog.
Trog was greatly pleased with you.
You visited 1 branch

Inventory:

Missiles
 j - 10 stones (quivered)
Armour
 a - a +0 animal skin (worn)
 k - a +0 kite shield (worn)
Jewellery
 g - a +3 ring of dexterity (left claw)
 l - a +3 ring of intelligence
Potions
 b - 8 potions of curing
 c - 9 potions of heal wounds
 d - a potion of haste
 e - 4 potions of magic
 f - 5 potions of berserk rage
 h - 2 potions of invisibility


   Skills:
 + Level 9.5 Fighting
 + Level 9.8 Dodging
 + Level 0.4 Stealth
 + Level 2.5 Shields
 + Level 15.3 Unarmed Combat


You had 8 spell levels left.
You didn't know any spells.
Your spell library was empty.

Dungeon Overview and Level Annotations

Branches:
Dungeon (1/1)

Altars:
Ashenzari
Cheibriados
Dithmenos
Elyvilon
Fedhas
Gozag
Hepliaklqana
Kikubaaqudgha
Makhleb
Nemelex Xobeh
Okawaru
Qazlal
Ru
Sif Muna
Trog
Uskayaw
Vehumet
Wu Jian
Xom
Yredelemnul
Zin
The Shining One
Jiyva
Lugonu


Innate Abilities, Weirdness & Mutations

You are too large for most types of armour.
You have claws for hands.
Your natural rate of healing is unusually fast.
You are covered in fur. (AC +1)
You have tough skin. (AC +1)
You are frail. (-10% HP)


Message History

Your butterfly dies!
Your butterfly disappears in a burst of colours!
The naga hits you with a +0 war axe.
The naga hits your butterfly with a +0 war axe!
Your butterfly dies!
Your butterfly disappears in a burst of colours!
The naga grabs you. The naga constricts you.
You mangle the naga!!
The naga is almost dead.
You feel sick.
The naga is no longer moving quickly.
You block the naga's attack. The naga constricts you.
You barely miss the naga.
The naga is almost dead.
You feel sick.
You are no longer poisoned.
The naga loses its grip on you. You block the naga's attack.
The naga grabs you. The naga constricts you.
The naga hits you with a +0 war axe!!
* * * LOW HITPOINT WARNING * * *
The naga constricts you.
* * * LOW HITPOINT WARNING * * *
Unknown command.
You feel much better. The naga spits poison at you.
The splash of poison hits you.
You are poisoned.
The naga constricts you.
The salamander mystic points at the naga and mumbles some strange words.
The naga seems to speed up.
Your ogre goes berserk!
Trog will no longer gift you weapons.
You feel sick. The naga barely misses you. The naga constricts you.
* * * LOW HITPOINT WARNING * * *
The naga loses its grip on you.
You swap places.
You feel sick.
Your ogre hits the salamander mystic with a +0 giant spiked club!!!
The salamander mystic hits you with a +0 quarterstaff!
* * * LOW HITPOINT WARNING * * *
You are engulfed in flames!!
You die...

# #. #. +. +. #.
#######################.
#......@O4N..........''.
#.......N2...........''.
#..################..##.
#..# #..##. #..# +..##.
#..# #..### #..# #..###
#..# #..##.
#..################..##N


You could see a cacodemon, a salamander mystic (ally target), an ice devil, a
naga (fast, catching breath) and a friendly ogre (summoned, berserk).

Vanquished Creatures
  A naga mage (D)
  A polar bear (D)
  A floating eye (D)
  A sky beast (D)
  A phantom (D)
  A gnoll sergeant (D)
  A scorpion (D)
  2 orc priests (D)
  A hound (D)
  An orc wizard (D)
  7 gnolls (D)
  A river rat (D)
  A white imp (D)
  An ufetubus (D)
  An orc (D)
  A bat (D)
  A goblin (D)
  A kobold (D)
  A quokka (D)
  A ball python zombie (D)
  2 frilled lizards (D)
  A rat (D)
30 creatures vanquished.

Vanquished Creatures (collateral kills)
  A sun demon (D)
  A salamander (D)
  An eye of devastation (shapeshifter) (D)
  An efreet (D)
  A jumping spider (D)
5 creatures vanquished.

Vanquished Creatures (others)
  An ufetubus (D)
1 creature vanquished.

Grand Total: 36 creatures vanquished

Notes
Turn   | Place    | Note
-------+----------+-------------------------------------------
     0 | D        | sircluck the Troll Berserker began the quest for the Orb.
     0 | D        | Reached XP level 1. HP: 22/22 MP: 0/0
    35 | D        | Found a bloodstained altar of Trog.
    35 | D        | Found a shimmering blue altar of Sif Muna.
    35 | D        | Found a viscous altar of Jiyva.
    35 | D        | Found a hazy altar of Hepliaklqana.
    35 | D        | Found an opulent altar of Gozag.
    57 | D        | Found a glowing golden altar of the Shining One.
    57 | D        | Found a glowing silver altar of Zin.
    57 | D        | Found a basalt altar of Yredelemnul.
    57 | D        | Found a shimmering altar of Xom.
    57 | D        | Found an ornate altar of the Wu Jian Council.
    57 | D        | Found a sacrificial altar of Ru.
    57 | D        | Found a stormy altar of Qazlal.
    57 | D        | Found an iron altar of Okawaru.
    57 | D        | Found a sparkling altar of Nemelex Xobeh.
    57 | D        | Found a burning altar of Makhleb.
    57 | D        | Found a blossoming altar of Fedhas.
    57 | D        | Found a white marble altar of Elyvilon.
    57 | D        | Found a shadowy altar of Dithmenos.
    57 | D        | Found a snail-covered altar of Cheibriados.
    58 | D        | Found a radiant altar of Vehumet.
    58 | D        | Found a corrupted altar of Lugonu.
    59 | D        | Found an ancient bone altar of Kikubaaqudgha.
    59 | D        | Found a hide-covered altar of Uskayaw.
    59 | D        | Found a broken altar of Ashenzari.
    75 | D        | Noticed a floating eye
    76 | D        | Paralysed by a floating eye for 3 turns
    81 | D        | Killed a floating eye
    81 | D        | Reached ** piety under Trog
    82 | D        | Reached skill level 5 in Fighting
    82 | D        | Reached skill level 6 in Unarmed Combat
    82 | D        | Reached XP level 2. HP: 35/35 MP: 1/1
    82 | D        | Reached XP level 3. HP: 42/42 MP: 2/2
    82 | D        | Reached XP level 4. HP: 50/50 MP: 3/3
    90 | D        | Reached skill level 5 in Dodging
    93 | D        | Noticed a sky beast
   103 | D        | Killed a sky beast
   103 | D        | Reached *** piety under Trog
   104 | D        | Reached skill level 7 in Unarmed Combat
   104 | D        | Reached XP level 5. HP: 34/59 MP: 4/4
   172 | D        | Reached **** piety under Trog
   181 | D        | Noticed a phantom
   191 | D        | Reached skill level 8 in Unarmed Combat
   192 | D        | Reached XP level 6. HP: 68/68 MP: 5/5
   200 | D        | Reached skill level 9 in Unarmed Combat
   205 | D        | Reached ***** piety under Trog
   216 | D        | Reached skill level 10 in Unarmed Combat
   219 | D        | Reached XP level 7. HP: 50/78 MP: 6/6
   270 | D        | Noticed a polar bear
   276 | D        | Killed a polar bear
   276 | D        | Received a gift from Trog
   277 | D        | Reached skill level 11 in Unarmed Combat
   309 | D        | Noticed an efreet
   309 | D        | Noticed a jumping spider
   325 | D        | Killed a jumping spider
   326 | D        | Killed an efreet
   327 | D        | Reached skill level 1 in Shields
   327 | D        | Reached skill level 12 in Unarmed Combat
   327 | D        | Reached XP level 8. HP: 46/89 MP: 7/7
   602 | D        | Noticed a naga mage
   602 | D        | Noticed a salamander mystic
   602 | D        | Noticed a salamander
   602 | D        | Noticed a two-headed ogre
   602 | D        | Noticed a cacodemon
   602 | D        | a two-headed ogre changed into an orb spider
   602 | D        | Noticed an orb spider (glowing shapeshifter)
   602 | D        | Noticed a sun demon
   603 | D        | an orb spider changed into a faun
   603 | D        | Noticed a faun (glowing shapeshifter)
   610 | D        | Killed a naga mage
   611 | D        | Reached skill level 13 in Unarmed Combat
   612 | D        | a faun changed into an eye of devastation
   612 | D        | Noticed an eye of devastation (glowing shapeshifter)
   613 | D        | Noticed an ice devil
   613 | D        | Killed an eye of devastation
   614 | D        | Killed a salamander
   615 | D        | Reached skill level 14 in Unarmed Combat
   615 | D        | Reached XP level 9. HP: 35/98 MP: 8/8
   617 | D        | Killed a sun demon
   618 | D        | Reached skill level 15 in Unarmed Combat
   621 | D        | HP: 1/150 [ice devil (11)]
   628 | D        | Gained mutation: You are frail. (-10% HP) [a cacodemon]
   648 | D        | Slain by a salamander mystic

Illustrated notes

Levels and vault maps discovered:
D:        pitsprint [storerooms_1, entrance_room_1, metal_vault_7, armoury_2,
          mini_pit_1, grid_room_1, main_hall_1, silver_pit, the_coven_2,
          the_vestibule_1, steel_vault_2, golden_pit, hallway_of_sentries,
          crystal_vault_1, iron_vault_4, final_vault]

Skill      XL: |  1  2  3  4  5  6  7  8  9 |
---------------+----------------------------+-----
Fighting       | 5 6 7 8 9 |  9.5
Dodging        | 4 5 6 7 8 9 |  9.8
Unarmed Combat | 6 7 8 10 12 14 15 | 15.3
Shields        | 1 2 |  2.5
Stealth        | |  0.4

Action                     |  1- 3 |  4- 6 |  7- 9 || total
---------------------------+-------+-------+-------++-------
  Melee: Unarmed           |    13 |    44 |    40 ||    97
         Punch             |       |     5 |       ||     5
 Invoke: Brothers in Arms  |       |       |     4 ||     4
         Berserk           |       |       |     1 ||     1
    Use: Potion            |       |       |     3 ||     3
         Scroll            |       |       |     2 ||     2
 Armour: Animal skin       |     8 |    13 |    10 ||    31
  Dodge: Dodged            |    14 |    25 |    17 ||    56
  Block: Kite shield       |       |       |    15 ||    15

Table legend: (Time is in decaauts)
 A = Elapsed time spent in this place.
 B = Non-inter-level travel time spent in this place.
 C = Inter-level travel time spent in this place.
 D = Time resting spent in this place.
 E = Time spent auto-exploring this place.
 F = Levels seen in this place.
 G = Mean time per level.
                   A        B        C        D        E       F      G
               +--------+--------+--------+--------+--------+-----+--------+
         Total |    644 |    564 |     80 |      8 |    236 |   1 |  644.0 |
       Dungeon |    644 |    564 |     80 |      8 |    236 |   1 |  644.0 |
               +--------+--------+--------+--------+--------+-----+--------+

Top non-repeatable levels by time:
       D: 644 daAuts
